Map: Cerulean Fall LE

Players

Woogie

  • Race: Zerg Zerg
  • League: Diamond
  • Spawn Location: 7:00

LeXteR - Winner!

  • Race: Terran Terran
  • League: Diamond
  • Spawn Location: 1:00

VOD

Have the link to the VOD?

Description

I don't know why I love dropping banes. It leads to this screw up after I defend so well against his meme.

Time

  • Played on: Sept. 19, 2018, 9:11 p.m.
  • Length: 15:39
Show
View Real Time Build Order
Export as new Build Order

Woogie Zerg 

Build Orders: Pool First 

Get SALT Encoding   

  12  0:01  Drone  
  13  0:13  Overlord  
  13  0:17  Drone  
  14  0:31  Drone x2  
  14  0:35  Drone  
  17  0:46  Spawning Pool  
  17  0:48  Drone  
  17  1:10  Hatchery  
  16  1:13  Extractor  
  16  1:14  Drone  
  16  1:17  Drone  
  17  1:20  Drone  
  18  1:29  Drone  
  19  1:35  Queen  
  21  1:42  Overlord  
  21  1:53  Zergling x2  
  22  2:07  Zergling x2  
  23  2:10  Queen  
  25  2:18  Metabolic Boost  
  25  2:23  Queen  
  25  2:25  Drone  
  25  2:26  Drone x2  
  30  2:42  Overlord, Drone  
  31  2:58  Lair  
  31  2:59  Drone  
  31  3:00  Drone x4  
  36  3:14  Overlord  
  36  3:16  Drone x3  
  39  3:21  Queen  
  39  3:24  Drone  
  39  3:25  Drone  
  44  3:27  Drone  
  44  3:36  Baneling Nest  
  43  3:45  Overlord  
  43  3:46  Zergling x10  
  48  4:01  Hatchery  
  47  4:05  Evolution Chamber  
  47  4:08  Drone  
  47  4:16  Drone x2  
  50  4:17  Drone x4  
  50  4:18  Zergling x2  
  50  4:19  Zergling x2  
  50  4:22  Baneling x3  
  50  4:23  Baneling x3  
  55  4:34  Extractor  
  55  4:35  Extractor  
  53  4:39  Zergling x8  
  57  4:46  Roach Warren, Queen  
  57  4:47  Queen  
  60  4:56  Overlord x2  
  60  5:00  Baneling  
  60  5:01  Baneling x4  
  53  5:33  Zergling x6  
  53  5:34  Zergling x6  
  56  5:36  Drone x6  
  62  5:48  Hatchery, Zerg Ground Armor Level 1  
  61  5:59  Pneumatized Carapace  
  58  6:28  Baneling x4  
  58  6:32  Baneling x4  
  58  6:38  Drone x6  
  58  6:39  Drone x4  
  68  6:42  Glial Reconstitution  
  68  6:43  Overlord x4  
  68  6:49  Spire  
  68  6:52  Drone  
  68  6:53  Extractor  
  63  7:17  Zergling x20  
  63  7:18  Zergling x6  
  71  7:31  Roach  
  71  7:32  Roach x2  
  75  7:39  Drone x2  
  77  7:46  Hatchery  
  77  7:48  Baneling x2  
  77  7:49  Zergling x4  
  78  7:55  Baneling x2  
  78  8:02  Roach x5  
  88  8:21  Overlord x2  
  88  8:23  Drone x5  
  88  8:24  Drone x5  
  88  8:26  Baneling x6  
  88  8:27  Baneling  
  98  8:28  Baneling x2  
  98  8:30  Baneling x2  
  98  8:53  Spore Crawler  
  90  9:09  Zergling x2  
  92  9:10  Zergling x28  
  92  9:15  Zerg Flyer Armor Level 1  
  104  9:19  Spore Crawler  
  104  9:20  Spore Crawler  
  102  9:41  Baneling x6  
  102  9:42  Centrifical Hooks  
  102  9:49  Infestation Pit, Drone x3  
  102  9:50  Zergling x2  
  102  9:51  Zergling x28  
  119  9:53  Baneling x3  
  119  9:54  Baneling x5  
  116  10:13  Overlord  
  116  10:14  Overlord x5  
  116  10:19  Zerg Melee Weapons Level 1  
  116  10:22  Evolution Chamber  
  104  11:05  Zergling x2  
  104  11:06  Zergling x22  
  96  11:22  Zergling x8  
  81  11:26  Baneling x4  
  81  11:27  Baneling x2  
  81  11:30  Baneling x7  
  81  11:31  Zergling x8  
  68  11:52  Zergling x16  
  74  12:05  Hatchery  
  66  12:20  Hive  
  66  12:29  Queen x2  
  68  12:31  Roach  
  68  12:32  Roach x10  
  72  13:05  Queen x2, Mutalisk x7, Roach  
  79  13:06  Mutalisk  
  89  13:26  Queen  
  87  13:27  Mutalisk  
  87  13:28  Mutalisk x7  
  101  13:41  Zergling x8  
  95  14:18  Zergling x24  
  95  14:19  Zergling x8  
  107  14:48  Hatchery x2  
Show
View Real Time Build Order
Export as new Build Order

LeXteR Terran - Winner!

Build Orders: Hellion Opening 

Get SALT Encoding   

  12  0:01  SCV  
  13  0:13  SCV  
  14  0:18  Supply Depot  
  14  0:25  SCV  
  15  0:29  Refinery  
  15  0:39  SCV  
  16  0:45  Barracks  
  16  0:52  SCV  
  17  1:04  SCV  
  18  1:16  SCV  
  19  1:28  SCV  
  19  1:32  Reaper  
  21  1:40  Orbital Command  
  21  1:47  Command Center  
  21  1:57  Refinery  
  21  2:05  Factory  
  21  2:06  SCV  
  22  2:11  Barracks Reactor  
  22  2:17  Supply Depot  
  22  2:19  SCV  
  23  2:39  SCV  
  24  2:51  SCV  
  24  2:55  Ghost Academy  
  24  2:56  Hellion  
  24  2:57  Barracks Tech Lab, Hellion  
  29  3:00  Orbital Command  
  29  3:06  SCV  
  30  3:18  Hellion x2, SCV  
  35  3:25  Ghost  
  37  3:31  SCV  
  38  3:36  Supply Depot  
  38  3:39  SCV  
  38  3:40  Armory  
  39  3:43  Hellion  
  39  3:48  Hellion  
  43  3:50  SCV  
  44  3:55  Ghost  
  44  4:01  Supply Depot  
  46  4:03  SCV  
  46  4:04  SCV  
  48  4:16  SCV  
  49  4:24  Command Center  
  49  4:28  Supply Depot  
  49  4:36  SCV x2  
  51  4:39  Refinery  
  51  4:45  Starport  
  51  4:48  Hellion x2, SCV  
  56  4:54  SCV  
  57  5:00  SCV  
  58  5:09  Hellion  
  47  5:18  Marine  
  47  5:19  SCV  
  49  5:21  Hellion  
  49  5:22  Starport Tech Lab  
  49  5:24  Barracks, Stimpack  
  49  5:35  Barracks  
  45  5:36  Barracks, Orbital Command  
  45  5:38  SCV  
  45  5:42  Refinery, SCV  
  47  5:51  SCV  
  47  5:54  Factory  
  47  5:55  Engineering Bay, SCV  
  47  5:56  Engineering Bay  
  49  6:01  Marine  
  52  6:04  Hellion x2  
  53  6:19  Marine  
  53  6:23  Hellion x2  
  53  6:25  SCV  
  52  6:31  Orbital Command  
  52  6:32  Barracks Reactor x2  
  52  6:34  Banshee  
  52  6:36  Marine  
  52  6:39  SCV  
  57  6:52  Factory Tech Lab  
  57  6:54  Marine, SCV  
  57  6:58  Supply Depot, SCV  
  60  7:05  Supply Depot  
  60  7:06  SCV  
  61  7:10  SCV  
  61  7:12  Marine  
  54  7:18  SCV  
  56  7:22  SCV  
  52  7:30  Marine, SCV  
  52  7:31  Siege Tank  
  52  7:35  SCV  
  44  7:43  SCV  
  44  7:47  SCV  
  45  7:51  Terran Vehicle Weapons Level 1  
  45  7:52  Terran Infantry Weapons Level 1  
  45  7:53  Terran Infantry Armor Level 1  
  45  7:54  SCV  
  45  7:55  SCV  
  47  7:59  Command Center, SCV  
  47  8:00  Marine  
  47  8:01  Marine x3  
  47  8:03  Siege Tank  
  56  8:06  SCV  
  56  8:07  SCV  
  56  8:11  SCV  
  58  8:18  SCV  
  58  8:19  SCV  
  60  8:21  Marine, Siege Tank  
  60  8:22  Marine x2  
  60  8:24  Marine x2  
  60  8:25  Marine  
  69  8:29  SCV  
  69  8:34  Supply Depot, SCV  
  70  8:35  Siege Tank, Supply Depot, SCV  
  70  8:39  Marine x2  
  70  8:40  Marine  
  79  8:41  SCV  
  79  8:46  SCV  
  79  8:47  SCV  
  81  8:53  Siege Tank, SCV  
  85  8:58  SCV  
  85  9:00  SCV  
  74  9:05  SCV  
  71  9:11  SCV  
  71  9:12  SCV  
  71  9:16  Marine x3  
  76  9:17  SCV  
  76  9:18  SCV  
  76  9:23  Marine x3, SCV  
  82  9:25  Command Center, Siege Tank x2  
  82  9:26  Marine  
  82  9:30  Orbital Command  
  89  9:34  Marine  
  89  9:35  SCV  
  89  9:38  SCV  
  92  9:40  SCV  
  93  9:46  Supply Depot x2  
  93  9:47  SCV  
  93  9:48  Marine, Viking  
  93  9:49  Marine x3  
  93  9:50  SCV  
  101  9:56  SCV  
  101  9:57  Siege Tank  
  101  9:58  SCV  
  106  10:00  Refinery  
  106  10:01  Refinery  
  106  10:06  Supply Depot  
  106  10:08  SCV  
  106  10:09  Marine x5  
  106  10:10  Marine x2  
  114  10:20  SCV  
  115  10:23  Missile Turret  
  115  10:27  Marine  
  116  10:29  Thor  
  116  10:30  Missile Turret  
  116  10:31  Missile Turret x2  
  118  10:37  Missile Turret  
  118  10:41  Missile Turret  
  118  10:49  Marine x2  
  120  10:54  Marine  
  120  10:55  Marine x2  
  123  11:04  Marine  
  123  11:06  Siege Tank  
  123  11:07  SCV  
  128  11:12  Siege Tank  
  121  11:22  Marine x4  
  121  11:23  Marine x2  
  121  11:25  Marine  
  110  11:29  Medivac  
  110  11:30  Orbital Command  
  110  11:31  SCV x3  
  110  11:32  SCV  
  116  11:38  Siege Tank  
  116  11:40  Marine  
  116  11:43  SCV x2  
  110  11:47  Marine x3  
  110  11:48  Marine  
  110  11:49  SCV x2  
  116  12:00  Command Center  
  114  12:03  Command Center  
  114  12:04  Medivac  
  114  12:07  SCV x2  
  115  12:34  Medivac  
  117  12:42  Marine x2  
  117  12:43  Marine x4  
  104  12:50  Marine  
  105  12:51  SCV x3  
  105  12:52  SCV  
  104  13:00  Marine x2  
  104  13:01  Marine  
  104  13:03  SCV  
  97  13:05  Siege Tank  
  97  13:06  Marine, Siege Tank  
  97  13:07  Marine x2  
  102  13:38  Siege Tank  
  105  13:45  Marine x3  
  108  13:51  Siege Tank  
  108  13:53  SCV  
  108  13:55  Refinery  
  112  13:56  Refinery  
  103  14:03  Marine x7  
  103  14:07  Missile Turret  
  106  14:10  Missile Turret  
  96  14:20  Planetary Fortress  
  96  14:21  Marine x6, Missile Turret  
  96  14:24  Missile Turret  
  94  14:26  Marine, Missile Turret  
  94  14:27  Missile Turret  
  94  14:29  Missile Turret  
  94  14:30  Missile Turret  
  87  14:38  Marine  
  87  14:40  Thor  
  87  14:41  Marine x3, Missile Turret  
  87  14:42  Marine, Missile Turret  
  87  14:43  Missile Turret x2  
  98  14:46  Marine x2  
  100  14:54  Missile Turret  
  100  14:56  Marine, Missile Turret  
  100  14:59  Marine x4, Missile Turret  
  99  15:04  Marine x2  
  96  15:14  Marine  
  96  15:17  Marine x3  
Tags
 
Add a new tag
Caveats
  • Supply blocks, unpowered buildings, or Contaminate may cause inaccurate times.
  • Supply counts are checked every 10 seconds.